cohdb
Replays
Latest Replays
All Replays
Popular Replays
Top Player Replays
Match Explorer
How It Works
Community
CoH3 Stats
Reddit
Sign in to upload your games and track your stats! →
Sign in with Steam
Match 42217771
Unlisted
Match 42217771
Overview
Messages
Build Orders
End
Construct Weapon Support Center
Scout Squad
M1919 Machine Gun Team
Scout Squad
M1919 Machine Gun Team
Air Support Center
M1919 Machine Gun Team
Selects Special Operations Battlegroup
Selects Smoke Screen
Selects M29 Weasel with M1 Pack Howitzer
M29 Weasel with M1 Pack Howitzer
P-47 Strafing Run
M29 Weasel with M1 Pack Howitzer
Construct Tank Depot
P-47 Strafing Run
Grasshopper Recon Run
P-47 Strafing Run
P-47 Dive Bomb
M4(105) Sherman Bulldozer
M29 Weasel with M1 Pack Howitzer
Selects Smoke Screen
Selects SSF Commando Squad
SSF Commando Squad
P-47 Dive Bomb
XuZhongwei
只因未来
0
0
Comments
sign in to comment!
No comments posted yet!